 Dungeon Crawl Stone Soup version 0.28-a0-1429-gf3d713df7a (webtiles) character file.

Game seed: 4980177728504373390

38 Shayle the Sneak (level 3, 0/27 HPs)
             Began as a Vampire Air Elementalist on Jan 9, 2022.
             Slain by a gnoll (3 damage)
             ... on level 1 of the Dungeon.
             The game lasted 00:03:44 (1111 turns).

Shayle the Sneak (Vampire Air Elementalist)         Turns: 1111, Time: 00:03:44

Health: 0/27       AC:  2    Str:  7    XL:     3   Next: 25%
Magic:  0/6        EV: 12    Int: 19    God:
Gold:   25         SH:  0    Dex: 14    Spells: 5/6 levels left

rFire   . . .      SeeInvis +   (no weapon)
rCold   . . .      Faith    .   (no shield)
rNeg    . . .      Spirit   .   a - +0 robe
rPois   .          Reflect  .   (no helmet)
rElec   .          Harm     .   (no cloak)
rCorr   .          Rampage  .   (no gloves)
Will    .....                   (no boots)
Stlth   +++.......              (no amulet)
HPRegen 0.29/turn               (no ring)
MPRegen 0.10/turn               (no ring)

@: healing quickly
A: alive, fangs 3, see invisible, vampiric 2
a: Exsanguinate


You were on level 1 of the Dungeon.
You visited 1 branch of the dungeon, and saw 2 of its levels.

You collected 25 gold pieces.

Inventory:

Armour
 a - a +0 robe (worn)
Scrolls
 b - 2 scrolls of fear


   Skills:
 + Level 1.7 Fighting
 - Level 2.1 Dodging
 + Level 4.6 Stealth
 - Level 2.0 Spellcasting
 - Level 0.6 Conjurations
 - Level 3.0 Air Magic


You had 5 spell levels left.
You knew the following spells:

 Your Spells              Type           Power      Damage    Failure   Level
a - Shock                 Conj/Air       32%        1d5       9%          1

Your spell library contained the following spells:

 Spells                   Type           Power      Damage    Failure   Level
 Static Discharge         Conj/Air       8%         N/A       12%         2
 Swiftness                Air            13%        N/A       14%         3
 Airstrike                Air            6%         N/A       43%         4


Dungeon Overview and Level Annotations

Branches:
Dungeon (2/15)

Altars:


Innate Abilities, Weirdness & Mutations

Your natural rate of healing is accelerated.
You have razor-sharp teeth.
You have supernaturally acute eyesight. (SInv)
You are afflicted with vampirism and can become a bat while bloodless.


Message History

Press: ? - help, Q - select action Shift-Dir - straight line, f/p - gnoll
Aim: a gnoll, wielding a +0 flail (moderately wounded, 72% to hit)
The zap hits the gnoll but does no damage.
The gnoll is moderately wounded.
Aiming: Shock (safe; 9% risk of failure)
Press: ? - help, Q - select action Shift-Dir - straight line, f/p - gnoll
Aim: a gnoll, wielding a +0 flail (moderately wounded, 72% to hit)
You miscast Shock.
Nothing appears to happen.
An endoplasm comes into view.
You climb upwards.
There is a stone staircase leading down here.
The gnoll hits you with a +0 flail. The gnoll completely misses you.
Casting: Shock (safe; 9% risk of failure)
Confirm with . or Enter, or press ? or * to list all spells.
Aiming: Shock (safe; 9% risk of failure)
Press: ? - help, Shift-Dir - straight line The zap misses the gnoll.
The zap hits the gnoll.
The gnoll is heavily wounded.
The gnoll hits you with a +0 flail!
Casting: Shock (safe; 9% risk of failure)
Confirm with . or Enter, or press ? or * to list all spells.
Aiming: Shock (safe; 9% risk of failure)
Press: ? - help, Shift-Dir - straight line The zap misses the gnoll.
The zap hits the gnoll.
The gnoll is almost dead.
The gnoll hits you with a +0 flail!
Your magical contamination has completely faded away.
Unknown command.
You barely miss the gnoll.
The gnoll is almost dead.
The gnoll barely misses you.
You hit the gnoll but do no damage.
The gnoll is almost dead.
The gnoll hits you with a +0 flail!
* * * LOW HITPOINT WARNING * * *
You hit the gnoll but do no damage.
The gnoll is almost dead.
The gnoll hits you with a +0 flail.
You die...

#.......# #.......#
#.......# #.......#
#.......# # #.......# #
#.......# # ##.......#
# #....@#### # ##.##g##
# #######).##.#
#####.......###.#######
......########......(.#
...#.....>..##..>.....#
##.##.#####.##........#
#.#.^# #......######
##...######.....>#


You could see a gnoll.

Vanquished Creatures
  6 ball pythons (D:1)
  A bat (D:1)
  2 endoplasms (D:1)
  2 goblins (D:1)
  3 hobgoblins (D:1)
  6 jackals (D:1)
  5 kobolds (D:1)
  A quokka (D:1)
  4 frilled lizards (D:1)
  3 rats (D:1)
33 creatures vanquished.

Notes
Turn   | Place    | Note
-------+----------+-------------------------------------------
     0 | D:1      | Shayle the Vampire Air Elementalist began the quest for the
                  | Orb.
     0 | D:1      | Reached XP level 1. HP: 13/13 MP: 3/3
   138 | D:1      | Reached XP level 2. HP: 15/20 MP: 0/5
   148 | D:1      | Reached skill level 1 in Fighting
   434 | D:1      | Reached skill level 4 in Stealth
   703 | D:1      | Found a faded altar of an unknown god.
   731 | D:1      | Gained mutation: You are afflicted with vampirism and can
                  | become a bat while bloodless. [Vampire growth]
   731 | D:1      | Reached XP level 3. HP: 26/26 MP: 3/6
  1111 | D:1      | Slain by a gnoll

Illustrated notes

Levels and vault maps discovered:
D:1:      ncdulo_wetmaze, layout_rooms, basic_ecumenical_altar
D:2:      layout_rooms

Skill      XL: |  1  2 |
---------------+-------+-----
Fighting       | 1 |  1.7
Stealth        | 4 |  4.6
Dodging        | |  2.1
Spellcasting   | |  2.0
Conjurations   | |  0.6
Air Magic      | |  3.0

Action                   || total
-------------------------++-------
Melee: Unarmed           ||    45
       Bite              ||     4
 Cast: Shock             ||    58
  Use: Scroll            ||     4
Armor: Robe              ||     7
Dodge: Dodged            ||    43

Table legend: (Time is in decaauts)
 A = Elapsed time spent in this place.
 B = Non-inter-level travel time spent in this place.
 C = Inter-level travel time spent in this place.
 D = Time resting spent in this place.
 E = Time spent auto-exploring this place.
 F = Levels seen in this place.
 G = Mean time per level.
                   A        B        C        D        E       F      G
               +--------+--------+--------+--------+--------+-----+--------+
         Total |   1117 |   1109 |      8 |    367 |    514 |   2 |  558.5 |
       Dungeon |   1117 |   1109 |      8 |    367 |    514 |   2 |  558.5 |
               +--------+--------+--------+--------+--------+-----+--------+

Top non-repeatable levels by time:
     D:1: 1111 daAuts
     D:2: 6 daAuts
